 Dungeon Crawl Stone Soup version 0.20.1-1-g8b1a95d (webtiles) character file.

130 ReignOfFire the Slasher (level 4, -2/34 HPs)
             Began as a Demonspawn Gladiator on July 27, 2017.
             Slain by Grinder (3 damage)
             ... on level 3 of the Dungeon.
             The game lasted 00:03:58 (2179 turns).

ReignOfFire the Slasher (Demonspawn Gladiator)      Turns: 2179, Time: 00:03:59

Health: -2/34      AC:  9    Str: 14    XL:     4   Next: 89%
Magic:  0/4        EV: 11    Int:  9    God:
Gold:   128        SH:  0    Dex: 16    Spells: 3/3 levels left

rFire    + . .     SeeInvis .   a - +0 long sword
rCold    . . .     Gourm    .   (no shield)
rNeg     . . .     Faith    .   x - +1 scale mail {rF+}
rPois    .         Spirit   +   c - +0 helmet
rElec    .         Reflect  .   e - scarf {Spirit}
rCorr    .         Harm     .   s - +0 pair of gloves
MR       +....                  (no boots)
Stlth    ..........             (no amulet)
Regen    0.2/turn               r - ring of protection from magic
MPRegen  0.1/turn               (no ring)

@: no status effects
A: powered by pain 1
a: no special abilities


You were on level 3 of the Dungeon.
You were hungry.

You visited 1 branch of the dungeon, and saw 3 of its levels.

You collected 128 gold pieces.

Inventory:

Hand Weapons
 a - a +0 long sword (weapon)
Missiles
 d - 2 throwing nets (quivered)
Armour
 c - a +0 helmet (worn)
 e - a scarf of spirit shield (worn)
 s - a +0 pair of gloves (worn)
 x - a +1 scale mail of fire resistance (worn)
Jewellery
 r - a ring of protection from magic (left hand)
Wands
 w - a wand of clouds (0/9)
 y - a wand of random effects (17/48)
Scrolls
 b - a scroll of remove curse {unknown}
 h - a scroll of fear {unknown}
 l - 2 scrolls of teleportation {unknown}
 n - 2 scrolls of amnesia {unknown}
 o - a scroll of blinking {unknown}
 p - a scroll of enchant weapon {unknown}
Potions
 i - a potion of might {unknown}
 k - a potion of mutation {unknown}
 q - a potion of brilliance {unknown}
 t - a potion of lignification {unknown}
 u - 2 potions of degeneration {unknown}
Books
 v - a book of Cantrips

   Spells                             Type                      Level
   a - Confusing Touch                Hexes                        1
   b - Animate Skeleton               Necromancy                   1
   c - Summon Small Mammal            Summoning                    1
   d - Apportation                    Translocation                1
Comestibles
 f - 4 bread rations
 j - 9 fruits
 m - 3 meat rations


   Skills:
 + Level 2.5 Fighting
 + Level 3.9 Long Blades
 + Level 2.0 Throwing
 + Level 1.3 Armour
 + Level 3.2 Dodging
 + Level 0.6 Stealth


You had 3 spell levels left.
You didn't know any spells.

Dungeon Overview and Level Annotations

Branches:
Dungeon (3/15)

Altars:
Hepliaklqana
Nemelex Xobeh
Sif Muna

Annotations:
D:3 Grinder


Innate Abilities, Weirdness & Mutations

You sometimes gain a little power by taking damage.


Message History

Press: ? - help, Shift-Dir - straight line, f/p - Grinder
Aim: Grinder (noxious fumes, heavily wounded, fast) Grinder flickers and vanishes!
Deactivating autopickup; reactivate with Ctrl-A.
Evoking this partially-identified wand wasted a few charges.
You are feeling hungry.
Something hits you.
You writhe in agony.
* * * LOW HITPOINT WARNING * * *
Something hits you but does no damage.
Throwing (i - inventory):
d - 3 throwing nets (quivered)
Press: ? - help, Shift-Dir - straight line You throw a throwing net.
Something hits you but does no damage. Something hits you.
* * * LOW HITPOINT WARNING * * *
You writhe in agony.
* * * LOW HITPOINT WARNING * * *
It was a potion of magic.
Magic courses through your body. Something hits you.
You writhe in agony.
You die...

#.##.#...###.#
............#
#..........###
##########
#(............
#........##
#...(......#
..........###.§....#
..####...(...§.§...#
..#####....##§.(...#
....##.....##...@###
....##....###.#..#
†)#####...# #.#....
..####....# #.#.####
(.........# #.#.#
.........## #.#.#
..##...... #. ..#
##### #. (##


There were no monsters in sight!

Vanquished Creatures
  Ijyb (D:3)
  Robin (D:2)
  3 adders
  A worm (D:2)
  2 leopard geckos
  An orc (D:2)
  A giant cockroach (D:1)
  9 goblins
  8 hobgoblins
  2 jackals (D:2)
  2 ball pythons (D:2)
  6 bats
  5 frilled lizards (D:1)
  12 kobolds
  10 rats
64 creatures vanquished.

Notes
Turn   | Place    | Note
-------+----------+-------------------------------------------
     0 | D:1      | ReignOfFire the Demonspawn Gladiator began the quest for the Orb.
     0 | D:1      | Reached XP level 1. HP: 16/16 MP: 1/1
    80 | D:1      | Gained mutation: You sometimes gain a little power by taking damage. [demonic ancestry]
    80 | D:1      | Reached XP level 2. HP: 11/22 MP: 2/2
   866 | D:2      | Found a hazy altar of Hepliaklqana.
  1030 | D:2      | Reached XP level 3. HP: 26/27 MP: 3/3
  1222 | D:2      | Noticed Robin
  1243 | D:2      | Killed Robin
  1487 | D:2      | Found a deep blue altar of Sif Muna.
  1487 | D:2      | Found a sparkling altar of Nemelex Xobeh.
  1539 | D:2      | Reached XP level 4. HP: 29/33 MP: 4/4
  1790 | D:3      | Reached skill level 1 in Armour
  2001 | D:3      | Noticed Ijyb
  2019 | D:3      | Killed Ijyb
  2153 | D:3      | Noticed Grinder
  2160 | D:3      | Paralysed by Grinder for 2 turns
  2178 | D:3      | HP: 1/34 [something (4)]
  2179 | D:3      | Slain by Grinder

Skill      XL: |  1  2  3  4 |
---------------+-------------+-----
Throwing       | 2 |  2.0
Dodging        | 3 |  3.2
Long Blades    | 3 |  3.9
Armour         | 1 |  1.3
Fighting       | |  2.5
Stealth        | |  0.6

Action                   |  1- 3 |  4- 6 || total
-------------------------+-------+-------++-------
Melee: Long sword        |   118 |    88 ||   206
Throw: Throwing net      |     1 |     1 ||     2
Evoke: Wand              |       |     2 ||     2
  Use: Potion            |       |     1 ||     1
 Stab: Held in net/web   |     1 |       ||     1
  Eat: Chunk             |     2 |     2 ||     4
Armor: Leather armour    |     9 |       ||     9
       Scale mail        |    33 |    46 ||    79
Dodge: Dodged            |    59 |    56 ||   115
       Rpst.: Long sword |    21 |    18 ||    39
